 Dungeon Crawl Stone Soup version 0.17.1-2-g5865329 (webtiles) character file.

299 PossumBlood the Archer (level 6, 0/39 HPs)
             Began as a High Elf Hunter on Jan 24, 2016.
             Slain by an orc
             ... wielding a +0 falchion
              (5 damage)
             ... on level 3 of the Dungeon.
             The game lasted 00:12:48 (2958 turns).

PossumBlood the Archer (High Elf Hunter)            Turns: 2958, Time: 00:12:48

Health: 0/39       AC:  5    Str: 11    XL:     6   Next: 13%
Magic:  7/7        EV: 12    Int: 16    God:
Gold:   137        SH:  0    Dex: 17    Spells: 0 memorised, 5 levels left

rFire  . . .     SeeInvis +     w - -3 spear (curse)
rCold  . . .     Clarity  .     c - +0 leather armour
rNeg   . . .     SustAt   .     (no shield)
rPois  .         Gourm    .     n - +0 helmet (curse)
rElec  .         Spirit   .     (no cloak)
rCorr  .         Warding  .     (no gloves)
rMut   .         Stasis   .     u - +0 pair of boots
MR     +....                    (no amulet)
Stlth  ++........               g - ring of see invisible
                                m - ring of protection from magic

@: somewhat resistant to hostile enchantments, unstealthy
A: no striking features
a: no special abilities


You were on level 3 of the Dungeon.
You were not hungry.

You visited 1 branch of the dungeon, and saw 3 of its levels.

You collected 137 gold pieces.

Inventory:

Hand Weapons
 a - a +1 shortbow
 b - a +0 short sword
 w - a cursed -3 spear (weapon)
Missiles
 d - 2 arrows
Armour
 c - a +0 leather armour (worn)
 n - a cursed +0 helmet (worn)
 u - a +0 pair of boots (worn)
Jewellery
 g - a ring of see invisible (right hand)
 m - a ring of protection from magic (left hand)
 s - a +2 ring of protection {unknown}
Wands
 p - a wand of slowing (30)
Scrolls
 f - 3 scrolls of teleportation {unknown}
 i - a scroll of immolation {unknown}
 j - a scroll of enchant weapon {unknown}
 k - 2 scrolls of remove curse {unknown}
 t - a scroll of amnesia {unknown}
Potions
 h - a potion of might {unknown}
 l - 2 potions of heal wounds {unknown}
 o - 2 potions of haste {unknown}
 q - a potion of flight {unknown}
Comestibles
 e - 3 bread rations
 r - 4 fruits
 v - a meat ration


   Skills:
 - Level 2.0 Fighting
 * Level 9.7 Bows
 - Level 2.1 Dodging
 - Level 1.1 Stealth


You had 5 spell levels left.
You didn't know any spells.

Dungeon Overview and Level Annotations

Branches:
Dungeon (3/15)

Altars:
Cheibriados
Dithmenos
Makhleb
Trog


Message History

The orc hits you but does no damage.
Things that are here:
a dagger; a robe; an orc corpse You see here a quokka corpse.
You hit the orc but do no damage. The orc hits you but does no damage.
You hit the orc but do no damage. The orc hits you with a short sword.
The orc barely misses you.
You barely miss the orc. The orc hits you with a short sword.
* * * LOW HITPOINT WARNING * * *
The orc hits you with a falchion.
* * * LOW HITPOINT WARNING * * *
You hit the orc but do no damage. The orc barely misses you.
The orc barely misses you.
You completely miss the orc. The orc misses you.
The orc hits you with a falchion.
* * * LOW HITPOINT WARNING * * *
You hit the orc.
The orc is moderately wounded.
The orc barely misses you. The orc hits you with a falchion.
You die...

....(..######.########
.....................+
...
.......#######.#######
... ##############..# #.#
#...###.## #.# ## #.#.#
#..# ####.###### .# #.#.#
##.## #.........# .#
#.#.####.o#####.........#
.#####
#.#.....@o..†....)(.....#
.....#
#.#######..####.........#
.....# #.......##.#
#.........# .....#
#######.##.## #..........
.....# #.##..#
#.........# .....#
#.###.###.........#
.....# #.#
#..##.........# .....#
#.# ##.##..########
.....# #.# #..# ###.).###


You could see 2 orcs.

Vanquished Creatures
  A giant frog (D:3)
  A scorpion (D:3)
  Ijyb (D:3)
  An orc wizard (D:3)
  5 adders
  An ooze (D:3)
  4 worms
  2 orcs
  10 goblins
  12 hobgoblins
  8 jackals
  5 kobolds
  A quokka (D:3)
  A ball python (D:3)
  11 bats
  5 giant newts
  10 rats
79 creatures vanquished.

Notes
Turn   | Place    | Note
--------------------------------------------------------------
     0 | D:1      | PossumBlood the High Elf Hunter began the quest for the Orb.
     0 | D:1      | Reached XP level 1. HP: 14/14 MP: 2/2
   220 | D:1      | Reached XP level 2. HP: 8/19 MP: 3/3
   412 | D:1      | Reached skill level 6 in Bows
  1050 | D:2      | Reached XP level 3. HP: 24/24 MP: 4/4
  1058 | D:2      | Found a faded altar to an unknown god.
  1068 | D:2      | Reached skill level 7 in Bows
  1272 | D:2      | Found a snail-covered altar of Cheibriados.
  1286 | D:2      | Reached XP level 4. HP: 27/29 MP: 5/5
  1433 | D:2      | Found a shadowy altar of Dithmenos.
  1567 | D:2      | Found a burning altar of Makhleb.
  1818 | D:3      | Noticed Ijyb
  1818 | D:3      | Noticed a giant frog
  1827 | D:3      | Killed Ijyb
  1827 | D:3      | Reached skill level 8 in Bows
  1848 | D:3      | Killed a giant frog
  1848 | D:3      | Reached XP level 5. HP: 8/34 MP: 6/6
  2150 | D:3      | Reached skill level 9 in Bows
  2705 | D:3      | Noticed a moth of wrath
  2710 | D:3      | Found a bloodstained altar of Trog.
  2859 | D:3      | Reached XP level 6. HP: 39/39 MP: 7/7
  2958 | D:3      | Slain by an orc

Action                   |  1- 3 |  4- 6 || total
-------------------------+-------+-------++-------
Melee: Short sword       |    27 |    10 ||    37
       Spear             |       |    20 ||    20
 Fire: Shortbow          |   103 |   127 ||   230
  Eat: Beef jerky        |     1 |     1 ||     2
       Bread ration      |       |     1 ||     1
